AoeStats
← 739697286

Hideout

510246071Analyzed
1v1 RM · 3d ago on Sep 30, 2026· 22m 29s· 2 players
Game mode
Random Map
Map size
Tiny (2 player)
Population
200
Speed
Normal
Resources
Standard
Victory
Conquest
Starting age
Dark Age
Ending age
Imperial Age
RankedLock teamsTeams togetherTeam positionsShared explorationLock speedFull tech treeHidden civsTurbo modeCheats
Victory
Defeat
1307
+15
🇨🇳 Celts · China
1292
-15
739697286
11:13 Feudal Age
12:48 Double-Bit Axe
15:56 Castle Age
13:54 Horse Collar
14:16 Loom
17:10 Bow Saw
17:03 Heavy Plow
(o^^o)哈基米南北绿豆
10:45 Feudal Age
14:58 Castle Age
13:11 Horse Collar
13:45 Double-Bit Axe
15:02 Padded Archer Armor
16:46 Loom
17:42 Bow Saw
19:17 Leather Archer Armor
Connection lost

Rejoining the realm…

Still unreachable

The connection could not be restored.

Session expired

The server has moved on; the page needs a fresh start.